 Dungeon Crawl Stone Soup version 0.30.0 (webtiles) character file.

Game seed: 8491349928159021536

284 BANAMAN the Chopper (level 6, -3/56 HPs)
             Began as a Hill Orc Fighter on Dec 12, 2023.
             Was an Initiate of the Shining One.
             Slain by Rocco the orc knight
             ... wielding a +0 battleaxe
             ... created by the wrath of Beogh
              (20 damage)
             ... on level 4 of the Dungeon.
             The game lasted 00:14:54 (2860 turns).

BANAMAN the Chopper (Hill Orc Fighter)              Turns: 2860, Time: 00:14:55

Health: -3/56      AC: 11    Str: 21    XL:     6   Next: 29%
Magic:  6/6        EV:  9    Int:  8    God:    the Shining One [......]
Gold:   196        SH:  9    Dex: 10    Spells: 5/5 levels left

rFire   . . .        o - +6 shillelagh "Devastator" {shatter}
rCold   . . .        c - +0 buckler
rNeg    + . .        b - +1 scale mail
rPois   .            (no helmet)
rElec   .            m - +0 cloak
rCorr   .            n - +0 pair of gloves
SInv    .            g - +0 pair of boots
Will    .....        t - amulet of reflection Stlth
                     h - ring of positive energy
HPRegen 0.29/turn    (no ring)
MPRegen 0.10/turn

%: reflection
@: glowing
A: no striking features
a: Renounce Religion


You were on level 4 of the Dungeon.
You worshipped the Shining One.
The Shining One was noncommittal.
You visited 1 branch of the dungeon, and saw 4 of its levels.

You collected 196 gold pieces.

Inventory:

Hand Weapons
 a - a +1 spectral war axe
 o - the +6 shillelagh "Devastator" (weapon) {shatter}
   (You found it on level 3 of the Dungeon)
Missiles
 l - 2 throwing nets (quivered)
Armour
 b - a +1 scale mail (worn)
 c - a +0 buckler (worn)
 g - a +0 pair of boots (worn)
 m - a +0 cloak (worn)
 n - a +0 pair of gloves (worn)
Jewellery
 h - a ring of positive energy (left hand)
 r - an amulet of magic regeneration
 t - an amulet of reflection (around neck)
Wands
 u - a wand of roots (5)
Scrolls
 e - a scroll of amnesia
 s - 2 scrolls of identify
Potions
 j - 3 potions of attraction
 k - a potion of flight {unknown}
 p - a potion of might
 q - 2 potions of curing


   Skills:
 * Level 5.1 Fighting
 + Level 5.4(5.6) Axes
 * Level 1.6(3.3) Maces & Flails
 + Level 4.3 Armour
 + Level 0.8 Dodging
 + Level 3.8 Shields


You had 5 spell levels left.
You didn't know any spells.
Your spell library was empty.

Dungeon Overview and Level Annotations

Branches:
Dungeon (4/15)             Temple (0/1) D:4

Altars:
Hepliaklqana
Okawaru
Sif Muna
The Shining One
Beogh


Message History

Found a stone staircase leading down.
Beogh sends forth an army of orcs.
A troll, a warg and 4 orcs come into view.
You hit the orc.
The orc and Rocco shudder.
You kill the orc!
That felt strangely unrewarding.
Rocco is lightly wounded.
Rocco roars a battlecry!
The orcs go into a battle-frenzy!
You hit Rocco but do no damage.
Rocco is lightly wounded.
You block Rocco's attack.
You hit Rocco.
Rocco, the orc and the troll shudder.
Rocco is lightly wounded.
You kill the orc!
That felt strangely unrewarding.
The troll is moderately wounded.
Rocco is lightly wounded.
You block Rocco's attack.
You hit Rocco but do no damage.
Rocco is lightly wounded.
You block Rocco's attack.
You hit Rocco but do no damage.
Rocco is lightly wounded.
Rocco hits you with a +0 battleaxe!!
The orc wizard gestures wildly while chanting.
The orc wizard flickers and vanishes!
Deactivating autopickup; reactivate with Ctrl-A.
You hit Rocco but do no damage.
Rocco is lightly wounded.
Rocco hits you with a +0 battleaxe!
* * * LOW HITPOINT WARNING * * *
You hit Rocco.
Rocco and the troll shudder.
Rocco is moderately wounded.
The troll is moderately wounded.
Rocco is moderately wounded.
You block Rocco's attack.
You hit Rocco but do no damage.
Rocco is moderately wounded.
Rocco hits you with a +0 battleaxe!!
You die...

####.###### ##'## #.#
#.........# ##...## #.#
#.##.####.###.....## #.#
# #..###.##.......## #.#
##...##.#.........####..
#.....{h+.........'.....
##...##T#.........####..
.###.###o##.......## #..
.>......@###.....## ##^
####.##### ##...## #.
... ##+# #. ... #. ...
#.


You could see Rocco the orc knight, a troll and a warg.

Vanquished Creatures
  A jelly (D:4)
  Ijyb (D:4)
  A sleepcap (D:4)
  An orc wizard (D:3)
  6 adders
  A river rat (D:4)
  6 worms
  2 dart slugs (D:1)
  6 orcs
  4 endoplasms
  3 giant cockroaches
  4 goblins
  7 hobgoblins
  5 jackals
  9 kobolds
  4 quokkas (D:3)
  7 ball pythons
  4 bats
  6 frilled lizards
  5 rats
83 creatures vanquished.

Vanquished Creatures (others)
  2 plants (D:3)
2 creatures vanquished.

Grand Total: 85 creatures vanquished

Notes
Turn   | Place    | Note
-------+----------+-------------------------------------------
     0 | D:1      | BANAMAN the Hill Orc Fighter began the quest for the Orb.
     0 | D:1      | Reached XP level 1. HP: 19/19 MP: 1/1
    50 | D:1      | Reached XP level 2. HP: 22/27 MP: 2/2
   213 | D:1      | Found a faded altar of an unknown god.
   222 | D:1      | Prayed at the altar of an unknown god.
   222 | D:1      | Became a worshipper of Beogh the Brigand
   222 | D:1      | Reached * piety under Beogh
   394 | D:1      | Reached XP level 3. HP: 33/33 MP: 3/3
  1169 | D:2      | Reached ** piety under Beogh
  1522 | D:3      | Reached XP level 4. HP: 26/40 MP: 4/4
  1815 | D:3      | Reached XP level 5. HP: 43/47 MP: 5/5
  1839 | D:3      | Found the +6 shillelagh "Devastator" {shatter}
  2026 | D:3      | Found a glowing golden altar of the Shining One.
  2028 | D:3      | Found an iron altar of Okawaru.
  2029 | D:3      | Found a hazy altar of Hepliaklqana.
  2041 | D:3      | Fell from the grace of Beogh
  2041 | D:3      | Became a worshipper of the Shining One
  2462 | D:4      | Found a shimmering blue altar of Sif Muna.
  2526 | D:4      | Found a staircase to the Ecumenical Temple.
  2535 | D:4      | Reached skill level 5 in Axes
  2574 | D:4      | Reached skill level 1 in Maces & Flails
  2577 | D:4      | Reached skill level 5 in Fighting
  2577 | D:4      | Reached XP level 6. HP: 44/56 MP: 6/6
  2656 | D:4      | Noticed Ijyb
  2664 | D:4      | Killed Ijyb
  2852 | D:4      | Noticed Rocco
  2852 | D:4      | Noticed a troll
  2852 | D:4      | Noticed a warg
  2860 | D:4      | Slain by Rocco the orc knight

Illustrated notes

Levels and vault maps discovered:
D:1:      minmay_arrival_solitary_statue, layout_loops_ring,
          dreamdust_ecumenical_altar_angels_and_demons, minmay_heptomino_h4
D:2:      layout_rooms
D:3:      layout_loops_ring, gammafunk_temple_overflow_forgotten,
          grunt_ministairs_13, minmay_tree_intersection
D:4:      minmay_opposing_rooms, layout_loops_corners, led_sif_book,
          minmay_temple_entry_large_hall, lightli_sewer_entry_pipes, uniq_ijyb

Skill      XL: |  1  2  3  4  5 |
---------------+----------------+-----
Axes           | 3 4 5 |  5.4
Fighting       | 4 5 |  5.1
Armour         | 4 |  4.3
Maces & Flails | 1 |  1.6
Dodging        | |  0.8
Shields        | |  3.8

Action                     |  1- 3 |  4- 6 || total
---------------------------+-------+-------++-------
  Melee: War axe           |    91 |    26 ||   117
         Shillelagh        |       |    46 ||    46
    Use: Scroll            |     9 |     5 ||    14
         Potion            |     5 |       ||     5
 Armour: Scale mail        |    51 |    32 ||    83
  Dodge: Dodged            |    39 |    21 ||    60
  Block: Buckler           |    17 |    20 ||    37
